 Dungeon Crawl Stone Soup version 0.27-a0-789-g6bb3289e1e (webtiles) character file.

Game seed: 3310536915881438472

84 rageheart7 the Twirler (level 4, 0/40 HPs)
             Began as a Draconian Gladiator on Mar 26, 2021.
             Killed by nerve-wracking pain
             ... invoked by Grinder
              (11 damage)
             ... on level 3 of the Dungeon.
             The game lasted 00:05:22 (2785 turns).

rageheart7 the Twirler (Draconian Gladiator)        Turns: 2785, Time: 00:05:23

Health: 0/40       AC: 10    Str: 14 (17) XL:     4   Next: 23%
Magic:  4/4        EV: 16    Int:  7 (9)  God:
Gold:   74         SH:  0    Dex: 10 (12) Spells: 3/3 levels left

rFire    . . .     SeeInvis .   a - +0 quarterstaff
rCold    . . .     Faith    .   (shield currently unavailable)
rNeg     . . .     Spirit   .   (armour unavailable)
rPois    .         Reflect  .   b - +0 hat
rElec    .         Harm     .   i - +0 cloak
rCorr    .         Rampage  .   (no gloves)
Will     .....                  (no boots)
Stlth    +.........             (no amulet)
HPRegen  0.13/turn              j - +4 ring of protection
MPRegen  0.09/turn              h - +4 ring of evasion

@: no status effects
A: AC +5, unfitting armour, cold-blooded
a: no special abilities


You were on level 3 of the Dungeon.
You visited 1 branch of the dungeon, and saw 3 of its levels.

You collected 74 gold pieces.

Inventory:

Hand Weapons
 a - a +0 quarterstaff (weapon)
Missiles
 c - 3 throwing nets (quivered)
Armour
 b - a +0 hat (worn)
 i - a +0 cloak (worn)
Jewellery
 h - a +4 ring of evasion (left hand)
 j - a +4 ring of protection (right hand)
Scrolls
 f - a scroll of noise {unknown}
 g - a scroll of identify {unknown}


   Skills:
 * Level 3.8 Fighting
 * Level 4.2 Staves
 - Level 1.7 Throwing
 - Level 2.6 Dodging


You had 3 spell levels left.
You didn't know any spells.
Your spell library was empty.

Dungeon Overview and Level Annotations

Branches:
Dungeon (3/15)

Altars:

Shops:
D:1 (

Annotations:
D:3 Grinder


Innate Abilities, Weirdness & Mutations

Your plain brown scales are hard. (AC +5)
You cannot fit into any form of body armour.
You are cold-blooded and may be slowed by cold attacks.


Message History

You hit Grinder.
Grinder is lightly wounded.
The bat hits you but does no damage. Grinder misses you.
You hit Grinder but do no damage.
Grinder is lightly wounded.
The bat hits you but does no damage. The bat barely misses you. x2
Grinder gestures at you.
You barely resist. You hit Grinder.
You tail-slap Grinder, but do no damage.
Grinder is lightly wounded.
The bat hits you but does no damage. Grinder barely misses you.
You hit Grinder.
Grinder is moderately wounded.
The bat completely misses you. The bat closely misses you.
Grinder closely misses you.
You barely miss Grinder.
Grinder is moderately wounded.
The bat hits you but does no damage. The bat closely misses you.
Grinder gestures at you. Pain shoots through your body!
You hit Grinder.
Your tail-slap misses Grinder.
Grinder is moderately wounded.
The bat barely misses you. x2
Grinder gestures at you.
You barely resist.
The quokka twitches its whiskers.
You closely miss Grinder.
Grinder is moderately wounded.
The bat closely misses you. Grinder gestures at you.
Pain shoots through your body!
* * * LOW HITPOINT WARNING * * *
The bat hits you but does no damage.
You sock Grinder!
Grinder is heavily wounded.
The bat hits you but does no damage. Grinder gestures at you.
Pain shoots through your body!
You die...

################.#
#.# #.# #.# #.#
#g# #r# #b# #@#
#5# #.# #<# ###


You could see Grinder, a quokka, a goblin and a bat.

Vanquished Creatures
  An iguana (D:2)
  4 dart slugs (D:1)
  5 ball pythons
  3 endoplasms
  3 giant cockroaches
  3 goblins
  7 hobgoblins
  3 kobolds
  2 quokkas
  7 bats
  5 rats
43 creatures vanquished.

Notes
Turn   | Place    | Note
-------+----------+-------------------------------------------
     0 | D:1      | rageheart7 the Draconian Gladiator began the quest for the
                  | Orb.
     0 | D:1      | Reached XP level 1. HP: 17/17 MP: 1/1
    99 | D:1      | Found Zumusharch's Weapon Shoppe.
   238 | D:1      | Reached XP level 2. HP: 16/25 MP: 2/2
   742 | D:1      | Reached XP level 3. HP: 26/31 MP: 3/3
  2255 | D:2      | Reached skill level 4 in Staves
  2260 | D:2      | Reached XP level 4. HP: 16/40 MP: 4/4
  2666 | D:3      | Noticed Grinder
  2770 | D:3      | Paralysed by Grinder for 7 turns
  2785 | D:3      | Killed from afar by Grinder

Illustrated notes

Levels and vault maps discovered:
D:1:      dpeg_chamrin_arrival_tetris, layout_basic, serial_shops, shop,
          corexii_corridor_pit
D:2:      layout_basic, minmay_strange_pillars, chequers_decorated_corner
D:3:      layout_basic, serial_shops, shop_fountains, minmay_misc_feat_ornament,
          uniq_ijyb, uniq_natasha, uniq_grinder

Skill      XL: |  1  2  3 |
---------------+----------+-----
Fighting       | 3 |  3.8
Staves         | 4 |  4.2
Throwing       | |  1.7
Dodging        | |  2.6

Action                   |  1- 3 |  4- 6 || total
-------------------------+-------+-------++-------
Melee: Quarterstaff      |   126 |     9 ||   135
       Tailslap          |     9 |     1 ||    10
  Use: Potion            |       |     2 ||     2
Armor: Skin              |    47 |    15 ||    62
Dodge: Dodged            |    94 |    13 ||   107

Table legend: (Time is in decaauts)
 A = Elapsed time spent in this place.
 B = Non-inter-level travel time spent in this place.
 C = Inter-level travel time spent in this place.
 D = Time resting spent in this place.
 E = Time spent auto-exploring this place.
 F = Levels seen in this place.
 G = Mean time per level.
                   A        B        C        D        E       F      G
               +--------+--------+--------+--------+--------+-----+--------+
         Total |   2804 |   2716 |     88 |    397 |   1974 |   3 |  934.7 |
       Dungeon |   2804 |   2716 |     88 |    397 |   1974 |   3 |  934.7 |
               +--------+--------+--------+--------+--------+-----+--------+

Top non-repeatable levels by time:
     D:1: 1419 daAuts
     D:2: 1315 daAuts
     D:3: 68 daAuts
